 Dungeon Crawl Stone Soup version 0.24.0-10-g970556be89 (webtiles) character file.

Game seed: 2798856359893380569, levelgen mode: deterministic

189 Kairok the Sneak (level 5, -1/26 HPs)
             Began as a Vine Stalker Assassin on Nov 4, 2019.
             Killed by nerve-wracking pain
             ... invoked by an orc priest
              (8 damage)
             ... on level 3 of the Dungeon.
             The game lasted 00:03:14 (2379 turns).

Kairok the Sneak (Vine Stalker Assassin)            Turns: 2379, Time: 00:03:14

Health: -1/26      AC:  7    Str: 14    XL:     5   Next: 68%
Magic:  0/6        EV: 10    Int: 11    God:
Gold:   197        SH:  0    Dex: 16    Spells: 4/4 levels left

rFire    . . .     SeeInvis .   a - +2 dagger
rCold    . . .     Gourm    .   (no shield)
rNeg     . . .     Faith    .   t - +0 scale mail
rPois    .         Spirit   +   (no helmet)
rElec    .         Reflect  .   c - +0 cloak
rCorr    +         Harm     .   (no gloves)
MR       .....                  (no boots)
Stlth    ++........             n - amulet of regeneration
HPRegen  0.88/turn              i - ring of resist corrosion
MPRegen  0.10/turn              (no ring)

@: no status effects
A: fangs 2, regeneration 1, magic shield, antimagic bite, no potion heal 3, rot
immunity
a: no special abilities


You were on level 3 of the Dungeon.
You were not hungry.

You visited 1 branch of the dungeon, and saw 3 of its levels.

You collected 197 gold pieces.

Inventory:

Hand Weapons
 a - a +2 dagger (weapon)
Missiles
 d - 8 poisoned darts (quivered)
Armour
 b - a +0 robe
 c - a +0 cloak (worn)
 g - a +0 ring mail
 t - a +0 scale mail (worn)
Jewellery
 i - a ring of resist corrosion (left hand)
 n - an amulet of regeneration (around neck)
 x - a +1 ring of protection {unknown}
Scrolls
 h - 3 scrolls of remove curse
 j - a scroll of immolation {unknown}
 k - a scroll of blinking {unknown}
 o - a scroll of magic mapping {unknown}
 r - a scroll of enchant armour {unknown}
 s - a scroll of amnesia {unknown}
 u - 2 scrolls of teleportation {unknown}
 w - a scroll of enchant weapon {unknown}
Potions
 l - a potion of curing
 m - a potion of heal wounds {unknown}
 p - a potion of might {unknown}
Comestibles
 f - 4 rations
 v - a chunk of flesh


   Skills:
 + Level 2.0 Fighting
 + Level 3.3 Short Blades
 + Level 1.9 Throwing
 + Level 1.0 Armour
 + Level 2.0 Dodging
 + Level 6.1 Stealth


You had 4 spell levels left.
You didn't know any spells.
Your spell library was empty.

Dungeon Overview and Level Annotations

Branches:
Dungeon (3/15)

Altars:
Fedhas


Innate Abilities, Weirdness & Mutations

You have extremely sharp teeth.
Your natural rate of healing is unusually fast.
When hurt, damage is shared between your health and your magic reserves.
Your bite disrupts and absorbs the magic of your enemies.
Potions cannot restore your health.
You are immune to rotting.


Message History

You throw a curare-tipped dart.
The curare-tipped dart barely misses the orc priest.
Throwing (i - inventory. (/) - cycle)
e - a curare-tipped dart (quivered)
Press: ? - help, Shift-Dir - straight line, f/p - orc priest
Aim: an orc priest, wielding a +0 mace and wearing a +0 scale mail You throw a curare-tipped dart.
The curare-tipped dart hits the orc priest.
The orc priest is poisoned.
The orc priest convulses.
The orc priest seems to slow down.
The orc priest is moderately wounded.
You hit the orc priest.
The orc priest is moderately wounded.
The orc priest barely misses you.
You closely miss the orc priest.
The orc priest is moderately wounded.
You hit the orc priest but do no damage.
The orc priest is heavily wounded.
The orc priest mumbles some strange prayers to Beogh against you.
Pain shoots through your body!
You die...

......# ##......
.....≈####§......
................
........§.§....#
........§.....##
#............## .##
#..........##
.....######........##
(...))o@..####''####
...######..#....#
#..†....# #.......#
####.#### #.# #.# #..
...


You could see an orc priest.

Vanquished Creatures
  An orc priest (D:3)
  An orc wizard (D:3)
  7 adders (D:2)
  A worm (D:3)
  A dart slug (D:1)
  A leopard gecko (D:3)
  An orc (D:3)
  A ball python (D:1)
  3 giant cockroaches
  5 goblins
  8 hobgoblins
  4 jackals (D:1)
  9 kobolds
  4 quokkas (D:2)
  8 bats
  3 rats
58 creatures vanquished.

Vanquished Creatures (others)
  A plant (D:2)
1 creature vanquished.

Grand Total: 59 creatures vanquished

Notes
Turn   | Place    | Note
-------+----------+-------------------------------------------
     0 | D:1      | Kairok the Vine Stalker Assassin began the quest for the
                  | Orb.
     0 | D:1      | Reached XP level 1. HP: 11/11 MP: 2/2
    25 | D:1      | Reached skill level 5 in Stealth
   516 | D:1      | Reached XP level 2. HP: 14/15 MP: 1/3
   710 | D:1      | Reached skill level 1 in Dodging
  1009 | D:1      | Reached XP level 3. HP: 17/18 MP: 4/4
  1307 | D:2      | Found a blossoming altar of Fedhas.
  1515 | D:2      | Gained mutation: Your natural rate of healing is unusually
                  | fast. [Vine Stalker growth]
  1515 | D:2      | Reached XP level 4. HP: 14/23 MP: 5/5
  1634 | D:2      | Reached skill level 6 in Stealth
  2067 | D:2      | Reached XP level 5. HP: 26/26 MP: 6/6
  2333 | D:3      | Reached skill level 1 in Armour
  2379 | D:3      | Killed from afar by an orc priest

Levels and vault maps discovered:
D:1:      scummos_arrival_forest, layout_basic
D:2:      wad_woods_stonehenge, layout_basic
D:3:      layout_loops_corners, kennysheep_big_empty_room, lemuel_tele_altar

Skill      XL: |  1  2  3  4  5 |
---------------+----------------+-----
Stealth        | 5 6 |  6.1
Dodging        | 1 2 |  2.0
Short Blades   | 2 3 |  3.3
Fighting       | 2 |  2.0
Armour         | 1 |  1.0
Throwing       | |  1.9

Action                   |  1- 3 |  4- 6 || total
-------------------------+-------+-------++-------
Melee: Dagger            |    95 |    86 ||   181
       Bite              |    21 |    18 ||    39
Throw: Dart              |       |     2 ||     2
Evoke: Wand              |       |     2 ||     2
  Use: Scroll            |     2 |       ||     2
 Stab: Sleeping          |     5 |     4 ||     9
  Eat: Chunk             |     2 |     3 ||     5
Armor: Robe              |     1 |       ||     1
       Ring mail         |    33 |    21 ||    54
       Scale mail        |       |     9 ||     9
Dodge: Dodged            |    54 |    41 ||    95
